cohdb
Replays
Latest Replays
All Replays
Popular Replays
Top Player Replays
Match Explorer
How It Works
Community
CoH3 Stats
Reddit
Sign in to upload your games and track your stats! →
Sign in with Steam
Tiger kills 3 squads with about 50% hp on retreat in 5 minutes
Match 31010238
Overview
Messages
Build Orders
End
Pioneer Squad
Construct Infanterie Kompanie
Selects Breakthrough Battlegroup
Selects Assault Grenadiers
Grenadier Squad
Grenadier Squad
MG 42 Machine Gun Team
Grenadier Squad
Medical Station
Construct Luftwaffe Kompanie
Selects Rapid Production
221 Scout Car
Sniper
Construct Panzer Kompanie
Stoßtruppen Squad
Selects Blitzkrieg
Panzer IV Medium Tank
Stoßtruppen Squad
Selects Tiger Heavy Tank
Tiger Heavy Tank
Blitzkrieg
Reakly
桂妮薇尔
0
0
Comments
sign in to comment!
No comments posted yet!